 Dungeon Crawl Stone Soup version 0.28-a0-724-g66f9036eb4 (webtiles) character file.

Game seed: 13818225134721106189

213 KoroneIsBestGirl the Skirmisher (level 5, -2/57 HPs)
             Began as an Ogre Fighter on Oct 26, 2021.
             Was an Initiate of Gozag.
             Slain by an ogre (20 damage)
             ... in the Ecumenical Temple.
             The game lasted 00:03:30 (4100 turns).

KoroneIsBestGirl the Skirmisher (Ogre Fighter)      Turns: 4100, Time: 00:03:30

Health: -2/57      AC:  3    Str: 21    XL:     5   Next: 90%
Magic:  5/5        EV:  9    Int:  9    God:    Gozag
Gold:   67         SH:  8    Dex: 14    Spells: 4/4 levels left

rFire   . . .      SeeInvis .   a - +0 trident
rCold   . . .      Faith    .   c - +0 kite shield
rNeg    . . .      Spirit   .   b - +0 robe
rPois   .          Reflect  .   (helmet restricted)
rElec   .          Harm     .   (no cloak)
rCorr   .          Rampage  .   (gloves unavailable)
Will    .....                   (boots unavailable)
Stlth   +.........              (no amulet)
HPRegen 0.19/turn               g - +6 ring of dexterity
MPRegen 0.09/turn               (no ring)

@: mighty
A: large, unfitting armour, tough skin 1
a: Renounce Religion, Potion Petition, Call Merchant, Bribe Branch


You were in the Ecumenical Temple.
You worshipped Gozag.
Gozag was noncommittal.
You visited 2 branches of the dungeon, and saw 5 of its levels.

You collected 122 gold pieces.
You paid 55 gold pieces to Gozag.

Inventory:

Hand Weapons
 a - a +0 trident (weapon)
Missiles
 k - 110 stones (quivered)
Armour
 b - a +0 robe (worn)
 c - a +0 kite shield (worn)
Jewellery
 g - a +6 ring of dexterity (left hand)
 l - a ring of wizardry
 o - an amulet of faith
Scrolls
 f - 2 scrolls of teleportation {unknown}
 j - 2 scrolls of identify {unknown}
 m - a scroll of magic mapping {unknown}
 p - a scroll of silence {unknown}
Potions
 e - a potion of brilliance {unknown}
 h - a potion of flight {unknown}
 i - a potion of heal wounds {unknown}
 n - 2 potions of mutation {unknown}
 q - a potion of curing {unknown}
 r - a potion of resistance {unknown}


   Skills:
 + Level 5.4 Fighting
 + Level 3.3 Polearms
 + Level 3.7 Dodging
 + Level 3.7 Shields


You had 4 spell levels left.
You didn't know any spells.
Your spell library contained the following spells:

 Spells                   Type           Power      Damage    Failure   Level
 Ensorcelled Hibernation  Hex/Ice        0%         N/A       88%         2
 Conjure Flame            Conj/Fire      0%         6-21      98%         3
 Ignite Poison            Fire/Tmut/Pois 0%         N/A       98%         3
 Spider Form              Tmut/Pois      0%         N/A       98%         3
 Sticky Flame             Conj/Fire      0%         2d3       100%        4


Dungeon Overview and Level Annotations

Branches:
Dungeon (4/15)             Temple (1/1) D:4

Altars:
Gozag
Makhleb
Okawaru
Sif Muna
Trog
Vehumet
Wu Jian
Yredelemnul


Innate Abilities, Weirdness & Mutations

You are too large for most types of armour.
You have tough skin. (AC +1)


Message History

The ogre is moderately wounded.
The ogre hits you with a +0 giant spiked club!
You puncture the ogre!
The ogre is severely wounded.
The ogre barely misses you. The iguana closely misses you.
You hit the ogre but do no damage.
The ogre is severely wounded.
The ogre hits you with a +0 giant spiked club!
The iguana bites you!
* * * LOW HITPOINT WARNING * * *
You are too injured to fight recklessly!
You are too injured to fight recklessly!
You are too injured to fight recklessly!
You are too injured to fight recklessly!
You are too injured to fight recklessly!
You are too injured to fight recklessly!
You are too injured to fight recklessly!
You are too injured to fight recklessly!
You are too injured to fight recklessly!
You are too injured to fight recklessly!
You are too injured to fight recklessly!
You are too injured to fight recklessly!
You are too injured to fight recklessly!
You are too injured to fight recklessly!
You are too injured to fight recklessly!
You are too injured to fight recklessly!
You are too injured to fight recklessly!
You are too injured to fight recklessly!
You are too injured to fight recklessly!
You are too injured to fight recklessly!
You are too injured to fight recklessly!
You are too injured to fight recklessly!
You block the ogre's attack. You block the iguana's attack.
You climb downwards.
Welcome back to the Ecumenical Temple!
There is a staircase back to the Dungeon here.
You feel very mighty all of a sudden. You block the iguana's attack.
The ogre hits you with a +0 giant spiked club!!
You die...
Your body crumbles into a pile of gold.

....## ###....## #..
......###.......# .#.
._.....#....._..# ...#
...............# ....
......#..#....## ....#
..##...##...#####...##
##.####...#.#.....#
##...##.....#.......
#.l@..#_.#......._..
##.O.##.....#.......
##.####...###.....#
#...##...## #...##
#..#.......## ....#
..............# .....
_.....#....._..# _...#
......###.......# .#.
....## #.##....##


You could see an ogre and an iguana.

Vanquished Creatures
  An orc priest (D:3)
  3 adders (D:3)
  4 gnolls
  2 worms
  4 dart slugs
  4 orcs (D:3)
  6 ball pythons
  3 bats
  11 endoplasms
  8 giant cockroaches
  4 goblins
  10 hobgoblins
  14 jackals
  6 frilled lizards
  4 kobolds
  7 rats
91 creatures vanquished.

Vanquished Creatures (others)
  20 plants
20 creatures vanquished.

Grand Total: 111 creatures vanquished

Notes
Turn   | Place    | Note
-------+----------+-------------------------------------------
     0 | D:1      | KoroneIsBestGirl the Ogre Fighter began the quest for the
                  | Orb.
     0 | D:1      | Reached XP level 1. HP: 24/24 MP: 1/1
   111 | D:1      | Reached XP level 2. HP: 32/32 MP: 2/2
   311 | D:1      | Reached XP level 3. HP: 22/40 MP: 3/3
  1089 | D:1      | Reached XP level 4. HP: 49/49 MP: 4/4
  1990 | D:2      | Reached skill level 5 in Fighting
  2022 | D:2      | Found a faded altar of an unknown god.
  2252 | D:2      | Reached XP level 5. HP: 54/57 MP: 5/5
  4052 | D:4      | Noticed an ogre
  4052 | D:4      | Found a staircase to the Ecumenical Temple.
  4061 | Temple   | Entered the Ecumenical Temple
  4083 | Temple   | Became a worshipper of Gozag Ym Sagoz the Greedy
  4100 | Temple   | Slain by an ogre

Illustrated notes

Levels and vault maps discovered:
D:1:      dpeg_arrival_rhombus, layout_basic, hex_medium
D:2:      layout_rooms, hellmonk_ecumenical_altar_pennies_from_heaven,
          minmay_tetromino_l4
D:3:      layout_loops_corners, minmay_misc_feat_hallway, serial_bayou_lake_a
D:4:      layout_gridville, minmay_temple_entry_junction_2, serial_bayou,
          serial_bayou_shore_b, serial_bayou_lagoon_b, serial_bayou_pond_a,
          serial_bayou_ford_a
Temple:   eino_temple_scatter_basement

Skill      XL: |  1  2  3  4 |
---------------+-------------+-----
Dodging        | 3 |  3.7
Shields        | 3 |  3.7
Fighting       | 5 |  5.4
Polearms       | 3 |  3.3

Action                   |  1- 3 |  4- 6 || total
-------------------------+-------+-------++-------
Melee: Trident           |   100 |   197 ||   297
Throw: Stone             |       |     8 ||     8
  Use: Potion            |       |     1 ||     1
 Stab: Sleeping          |     3 |     1 ||     4
Armor: Robe              |    43 |    39 ||    82
Dodge: Dodged            |    36 |    87 ||   123
Block: Kite shield       |    40 |    88 ||   128

Table legend: (Time is in decaauts)
 A = Elapsed time spent in this place.
 B = Non-inter-level travel time spent in this place.
 C = Inter-level travel time spent in this place.
 D = Time resting spent in this place.
 E = Time spent auto-exploring this place.
 F = Levels seen in this place.
 G = Mean time per level.
                   A        B        C        D        E       F      G
               +--------+--------+--------+--------+--------+-----+--------+
         Total |   4249 |   4035 |    214 |    359 |   3016 |   5 |  849.8 |
       Dungeon |   4216 |   4017 |    199 |    359 |   3008 |   4 | 1054.0 |
        Temple |     33 |     18 |     15 |      0 |      8 |   1 |   33.0 |
               +--------+--------+--------+--------+--------+-----+--------+

Top non-repeatable levels by time:
     D:1: 1664 daAuts
     D:3: 1411 daAuts
     D:2: 1124 daAuts
  Temple: 33 daAuts
     D:4: 16 daAuts
